 Dungeon Crawl Stone Soup version 0.31-a0-1-g4198be8af4 (webtiles) character file.

Game seed: 14278384023121713574

946 Barriton the Conjurer (level 7, 0/53 HPs)
             Began as a Black Draconian Conjurer on May 1, 2023.
             Killed by divine providence
             ... invoked by an orc priest
              (9 damage)
             ... on level 5 of the Dungeon.
             The game lasted 00:06:47 (5364 turns).

Barriton the Conjurer (Black Draconian Conjurer)    Turns: 5364, Time: 00:06:48

Health: 0/53       AC:  6    Str:  9    XL:     7   Next: 89%
Magic:  18/23      EV: 12    Int: 20    God:
Gold:   288        SH:  5    Dex: 10    Spells: 13/16 levels left

rFire   . .          .
                       - Unarmed
rCold   . . .        (no shield)
rNeg    . . .        (body armour unavailable)
rPois   +            (helmet restricted)
rElec   +            (no cloak)
rCorr   .            (no gloves)
SInv    .            (no boots)
Will    .....        g - amulet of reflection
Stlth   ++           d - ring of poison resistance
HPRegen 0.28/turn    n - ring of magical power
MPRegen 0.18/turn

%: reflection
@: lethally poisoned (0 -> -1)
A: breathe lightning, AC +6, unfitting armour, electricity resistance,
cold-blooded
a: Breathe Lightning


You were on level 5 of the Dungeon.
You visited 1 branch of the dungeon, and saw 5 of its levels.

You collected 288 gold pieces.

Inventory:

Jewellery
 d - a ring of poison resistance (left hand)
 g - an amulet of reflection (around neck)
 h - a ring of flight
 i - a ring of resist corrosion
 n - a ring of magical power (right hand)
Scrolls
 c - 5 scrolls of identify
 j - 2 scrolls of fear
Potions
 a - a potion of magic
 b - a potion of ambrosia
 e - a potion of heal wounds
 f - 2 potions of curing
 m - a potion of brilliance


   Skills:
 + Level 1.9 Fighting
 + Level 3.3 Dodging
 + Level 2.9 Stealth
 + Level 0.2 Shields
 + Level 2.3 Unarmed Combat
 + Level 5.1 Spellcasting
 + Level 6.5 Conjurations


You had 13 spell levels left.
You knew the following spells:

 Your Spells              Type           Power      Damage    Failure   Level
a - Magic Dart            Conj           100%       1d8       1%          1
b - Searing Ray           Conj           62%        2d6       1%          2

Your spell library contained the following spells:

 Spells                   Type           Power      Damage    Failure   Level
 Dazzling Flash           Conj/Hex       36%        N/A       9%          3
 Fulminant Prism          Conj/Hex       9%         3d7       30%         4
 Iskenderun's Mystic Bla  Conj/Tloc      18%        2d6       30%         4
 Portal Projectile        Hex/Tloc       10%        N/A       34%         3
 Tukima's Dance           Hex            5%         N/A       34%         3
 Blade Hands              Tmut           2%         N/A       97%         5


Dungeon Overview and Level Annotations

Branches:
Dungeon (5/15)             Temple (0/1) D:5

Altars:
Elyvilon
Nemelex Xobeh
Xom

Shops:
D:2 *   D:4 *


Innate Abilities, Weirdness & Mutations

You can breathe wild blasts of lightning.
Your glossy black scales are hard. (AC +6)
You cannot fit into any form of body armour.
You are resistant to electric shocks. (rElec)
You are cold-blooded and may be slowed by cold attacks.


Message History

The orc priest looks satisfied for a moment.
You bump into the rock wall.
You feel sick.
The orc wizard hits you with a +0 dagger of venom.
The orc priest mumbles some strange prayers to Beogh against you.
Beogh smites you!
* * * LOW HITPOINT WARNING * * *
You bump into the rock wall.
You feel less confused.
You feel sick. The orc wizard barely misses you.
The orc priest calls upon Beogh to heal the orc wizard.
The orc wizard's wounds heal themselves!
You feel sick.
You feel sick.
Casting: Searing Ray (safe; 1% risk of failure)
Confirm with . or Enter, or press ? or * to list all spells.
Aiming: Searing Ray (safe; 1% risk of failure)
Press: ? - help, Shift-Dir - straight line, f - orc, p - orc wizard
Aim: an orc, wielding a +0 trident and wearing a +0 chain mail (85% to hit)
The searing ray hits the orc wizard!
The orc wizard is heavily wounded.
The searing ray hits the orc priest.
The orc priest is lightly wounded.
The searing ray hits the orc.
The orc is heavily wounded. (Press . to maintain the ray.)
You feel sick.
The orc wizard gestures wildly while chanting.
The orc wizard flickers and vanishes!
Deactivating autopickup; reactivate with Ctrl-A.
The searing ray hits something.
The searing ray misses the orc priest.
The searing ray hits the orc!
You kill the orc!
The searing ray hits the orc wizard.
The orc wizard is moderately wounded.
You feel sick.
The orc wizard gestures wildly while chanting.
The orc wizard flickers and vanishes!
The orc priest mumbles some strange prayers to Beogh against you.
Beogh smites you!
You die...

.# .# .# .# .# .#
.####### .[.....#
########## ######.#
#.{)o.@..#
######.####)####........
##...)......####.#.#####
##.##..>.o.o......... #
#..###.#####......# .
...... ..# #..###.#
#.##..##..# #..# ... #
#..##..# #..# ##
#.......


You could see an orc priest.

Vanquished Creatures
  Sigmund (D:3)
  An ogre (D:5)
  A centaur (D:5)
  A phantom (D:5)
  A gnoll sergeant (D:4)
  2 scorpions
  A howler monkey (D:4)
  A hound (D:4)
  An iguana (D:5)
  2 orc wizards
  7 gnolls
  5 adders
  5 worms
  2 dart slugs
  15 orcs
  5 endoplasms
  2 giant cockroaches
  4 goblins
  A hobgoblin (D:4)
  7 jackals
  4 quokkas
  9 ball pythons
  6 bats
  3 frilled lizards (D:2)
  5 kobolds
  4 rats
96 creatures vanquished.

Notes
Turn   | Place    | Note
-------+----------+-------------------------------------------
     0 | D:1      | Barriton the Draconian Conjurer began the quest for the
                  | Orb.
     0 | D:1      | Reached XP level 1. HP: 14/14 MP: 3/3
   152 | D:1      | Found a faded altar of an unknown god.
   526 | D:1      | Reached XP level 2. HP: 20/20 MP: 1/5
  1167 | D:2      | Learned a level 2 spell: Searing Ray
  1256 | D:2      | Reached XP level 3. HP: 26/26 MP: 0/6
  1418 | D:2      | Reached skill level 5 in Conjurations
  1640 | D:2      | Found Paifoenn's General Store.
  1644 | D:2      | Reached XP level 4. HP: 34/34 MP: 3/7
  2333 | D:3      | Found a white marble altar of Elyvilon.
  2658 | D:3      | Found a shimmering altar of Xom.
  2699 | D:3      | Noticed Sigmund
  2707 | D:3      | Killed Sigmund
  2708 | D:3      | Reached skill level 1 in Fighting
  2708 | D:3      | Reached skill level 1 in Unarmed Combat
  2708 | D:3      | Reached XP level 5. HP: 17/40 MP: 0/9
  2902 | D:3      | Reached XP level 6. HP: 47/47 MP: 6/10
  3525 | D:4      | Found Doab's Assorted Antiques.
  4130 | D:4      | Found a sparkling altar of Nemelex Xobeh.
  4260 | D:4      | Your scales start taking on a glossy black colour.
  4260 | D:4      | Reached XP level 7. HP: 44/52 MP: 12/13
  4260 | D:4      | Gained mutation: You are resistant to electric shocks.
                  | (rElec) [Black Draconian growth]
  4378 | D:4      | Reached skill level 6 in Conjurations
  4860 | D:5      | Entered Level 5 of the Dungeon
  5131 | D:5      | Found a staircase to the Ecumenical Temple.
  5243 | D:5      | Reached skill level 5 in Spellcasting
  5364 | D:5      | Killed from afar by an orc priest

Illustrated notes

Levels and vault maps discovered:
D:1:      sevenhm_arrival_forest_fort_small_6, layout_basic,
          ebering_ecumenical_altar_webs
D:2:      layout_basic, serial_shops, shop, minmay_tall_x
D:3:      layout_basic, elyvilon_altar_5, mainiacjoe_overflow_surrounded_room,
          kennysheep_generic_room_16, uniq_sigmund
D:4:      layout_basic, nemelex_spade_bored_becter, serial_shops,
          nicolae_shop_rolling_square
D:5:      layout_loops_ring, temple_green, minmay_misc_feat_chi,
          lightli_minifort, uniq_edmund

Skill      XL: |  1  2  3  4  5  6  7 |
---------------+----------------------+-----
Dodging        | 2 3 |  3.3
Stealth        | 2 |  2.9
Conjurations   | 5 6 |  6.5
Fighting       | 1 |  1.9
Unarmed Combat | 1 2 |  2.3
Spellcasting   | 3 4 5 |  5.1
Shields        | |  0.2

Action                     |  1- 3 |  4- 6 |  7- 9 || total
---------------------------+-------+-------+-------++-------
  Melee: Unarmed           |    31 |    37 |    47 ||   115
         Tailslap          |     1 |     8 |     8 ||    17
         Punch             |       |     2 |     1 ||     3
   Cast: Magic Dart        |    45 |   107 |    34 ||   186
         Searing Ray       |     2 |     7 |     7 ||    16
Ability: Breathe Lightning |       |       |     1 ||     1
    Use: Scroll            |     5 |    10 |     1 ||    16
 Armour: Skin              |    12 |    15 |    20 ||    47
  Dodge: Dodged            |    56 |    34 |    30 ||   120
  Block: Other             |       |       |    13 ||    13
         Reflection        |       |       |     2 ||     2

Table legend: (Time is in decaauts)
 A = Elapsed time spent in this place.
 B = Non-inter-level travel time spent in this place.
 C = Inter-level travel time spent in this place.
 D = Time resting spent in this place.
 E = Time spent auto-exploring this place.
 F = Levels seen in this place.
 G = Mean time per level.
                   A        B        C        D        E       F      G
               +--------+--------+--------+--------+--------+-----+--------+
         Total |   5360 |   5199 |    161 |      0 |   4564 |   5 | 1072.0 |
       Dungeon |   5360 |   5199 |    161 |      0 |   4564 |   5 | 1072.0 |
               +--------+--------+--------+--------+--------+-----+--------+

Top non-repeatable levels by time:
     D:4: 1380 daAuts
     D:1: 1292 daAuts
     D:3: 1175 daAuts
     D:2: 1010 daAuts
     D:5: 502 daAuts
